 Dungeon Crawl Stone Soup version 0.23-a0-558-g30802b1 (webtiles) character file.

725 nikopol the Magician (level 7, -1/37 HPs)
             Began as a Deep Elf Fire Elementalist on Dec 12, 2018.
             Was an Initiate of Vehumet.
             Slain by an adder (2 damage)
             ... on level 5 of the Dungeon.
             The game lasted 00:13:18 (5708 turns).

nikopol the Magician (Deep Elf Fire Elementalist)   Turns: 5708, Time: 00:13:18

Health: -1/37      AC:  4    Str:  5    XL:     7   Next: 43%
Magic:  10/18      EV: 14    Int: 22    God:    Vehumet [......]
Gold:   210        SH:  0    Dex: 15    Spells: 4/19 levels left

rFire    . . .     SeeInvis .   l - +1 dagger (protect)
rCold    . . .     Gourm    .   (no shield)
rNeg     . . .     Faith    .   a - +0 robe
rPois    .         Spirit   .   j - +0 helmet
rElec    .         Reflect  .   p - +0 cloak
rCorr    .         Harm     .   (no gloves)
MR       .....                  (no boots)
Stlth    ++........             (no amulet)
HPRegen  0.12/turn              (no ring)
MPRegen  0.16/turn              (no ring)

@: marked, very slightly contaminated
A: no striking features
a: Renounce Religion


You were on level 5 of the Dungeon.
You worshipped Vehumet.
Vehumet was noncommittal.
You were very hungry.

You visited 2 branches of the dungeon, and saw 6 of its levels.
You also visited: Ossuary.

You collected 210 gold pieces.

Inventory:

Hand Weapons
 l - a +1 dagger of protection (weapon)
Armour
 a - a +0 robe (worn)
 j - a +0 helmet (worn)
 p - a +0 cloak (worn)
 q - a +3 scale mail of positive energy
Magical Staves
 y - an uncursed staff of earth
Jewellery
 o - a +4 ring of intelligence {unknown}
 v - a cursed ring of attention {unknown}
 x - a +2 amulet of reflection {unknown}
Scrolls
 b - 2 scrolls of magic mapping
 e - a scroll of remove curse
 f - 9 scrolls of identify {unknown}
 h - 2 scrolls of teleportation {unknown}
 m - a scroll of fog {unknown}
 r - a scroll of acquirement {unknown}
 s - a scroll of noise {unknown}
Potions
 d - 2 potions of flight {unknown}
 g - a potion of berserk rage {unknown}
 i - 3 potions of agility {unknown}
 k - 6 potions of curing {unknown}
 n - 2 potions of heal wounds {unknown}
 t - 2 potions of brilliance {unknown}
 u - a potion of haste {unknown}
 w - a potion of ambrosia {unknown}
 z - 2 potions of resistance {unknown}
Comestibles
 c - 4 rations


   Skills:
 + Level 0.3 Fighting
 * Level 1.4 Armour
 + Level 3.6 Dodging
 + Level 3.4 Stealth
 + Level 6.6 Spellcasting
 + Level 4.3 Conjurations
 + Level 5.5 Fire Magic


You had 4 spell levels left.
You knew the following spells:

 Your Spells              Type           Power        Failure   Level  Hunger
a - Flame Tongue          Conj/Fire      ####.        1%          1    None
b - Throw Flame           Conj/Fire      ####..       1%          2    None
c - Conjure Flame         Conj/Fire      ####....     3%          3    #......
d - Sticky Flame          Conj/Fire      ####....     11%         4    ###....
e - Fireball              Conj/Fire      ####......   30%         5    #####..

Your spell library contained the following spells:

 Spells                   Type           Power        Failure   Level  Hunger
 Inner Flame              Hex/Fire       ###.....     9%          3    #......


Dungeon Overview and Level Annotations

Branches:
Dungeon (5/15)             Temple (1/1) D:5

Altars:
Ashenzari
Cheibriados
Gozag
Kikubaaqudgha
Makhleb
Nemelex Xobeh
Okawaru
Qazlal
Sif Muna
Trog
Uskayaw
Vehumet
Yredelemnul
The Shining One


Message History

A fire vortex comes into view.
The ogre barely misses you.
A centaur comes into view.
The centaur wields a +0 shortbow.
The centaur shoots an arrow.
The arrow hits you!
You see here an arrow.
The centaur shoots an arrow.
The arrow hits you!
The centaur shoots an arrow.
The arrow hits you!
* * * LOW HITPOINT WARNING * * *
You see here 2 arrows.
The centaur shoots an arrow.
The arrow hits you.
* * * LOW HITPOINT WARNING * * *
You see here an arrow.
An adder comes into view.
As you read the scroll labeled GEDUTA PUORUMN, it crumbles to dust.
You feel as if something is helping you.
It was a scroll of remove curse.
An adder comes into view.
The adder bites you.
You die...

#.......#.....#
##.....(#.....#
#......##....# #......#
....#
...#.....>#)...c(#######
[...#......#..>....#
...................#
......≈≈≈≈≈....SO.##
....≈≈≈≈≈≈≈≈S...@.#
..≈≈≈≈≈≈≈≈≈≈≈≈≈(..#
.≈≈≈≈≈≈...≈≈≈≈≈≈..#
.≈≈≈≈≈≈.>........##
.≈≈≈≈≈≈...≈≈≈≈≈≈.#
.≈≈≈≈≈≈≈≈≈≈≈≈≈≈≈.#
..≈≈≈≈≈≈≈≈≈≈≈≈≈..#
....≈≈≈≈≈≈≈≈≈....#
...(..≈≈≈≈≈......#


You could see an ogre, a centaur and 2 adders.

Vanquished Creatures
  An elf zombie (Ossuary)
  2 scorpions (D:5)
  A howler monkey (D:4)
  2 centaur zombies
  3 hounds
  An orc wizard (D:2)
  An orc priest (D:2)
  Terence (D:3)
  A worker ant (D:4)
  3 mummies (Ossuary)
  3 gnolls (D:2)
  4 adders
  2 adder zombies (Ossuary)
  2 oozes
  2 worms (D:3)
  4 dart slugs
  4 leopard geckos
  5 orcs
  5 giant cockroaches
  2 gnoll zombies (Ossuary)
  7 goblins
  8 hobgoblins
  10 jackals
  4 quokkas
  2 ball pythons (D:3)
  10 bats
  6 frilled lizards
  3 goblin zombies (Ossuary)
  6 hobgoblin zombies (Ossuary)
  5 jackal zombies
  9 kobolds
  3 kobold zombies (Ossuary)
  5 orc zombies (Ossuary)
  6 quokka zombies (Ossuary)
  8 rats
  2 rat zombies (Ossuary)
143 creatures vanquished.

Notes
Turn   | Place    | Note
-------+----------+-------------------------------------------
     0 | D:1      | nikopol the Deep Elf Fire Elementalist began the quest for
                  | the Orb.
     0 | D:1      | Reached XP level 1. HP: 10/10 MP: 6/6
   128 | D:1      | Reached XP level 2. HP: 4/15 MP: 1/8
   889 | D:1      | Reached XP level 3. HP: 19/19 MP: 6/10
  1310 | D:2      | Reached skill level 4 in Spellcasting
  1399 | D:2      | Reached XP level 4. HP: 24/24 MP: 9/12
  1594 | D:2      | Found a burning altar of Makhleb.
  1608 | D:2      | Learned a level 2 spell: Throw Flame
  1612 | D:2      | Learned a level 3 spell: Conjure Flame
  1617 | D:2      | Learned a level 4 spell: Sticky Flame
  1974 | D:2      | Reached XP level 5. HP: 28/28 MP: 8/14
  2297 | D:2      | Found an opulent altar of Gozag.
  2376 | D:2      | Found a stormy altar of Qazlal.
  2459 | D:3      | Reached skill level 5 in Spellcasting
  3048 | D:3      | Reached XP level 6. HP: 32/32 MP: 12/15
  3055 | D:3      | Learned a level 5 spell: Fireball
  3293 | D:3      | Noticed Terence
  3306 | D:3      | Killed Terence
  3671 | D:4      | Found a sand-covered staircase.
  3676 | Ossuary  | Entered an ossuary
  4077 | Ossuary  | Reached skill level 5 in Fire Magic
  4784 | D:4      | Reached skill level 6 in Spellcasting
  4844 | D:4      | Reached skill level 1 in Armour
  4844 | D:4      | Reached XP level 7. HP: 36/36 MP: 14/18
  4977 | D:4      | Found a shattered altar of Ashenzari.
  5211 | D:4      | Found a glowing golden altar of the Shining One.
  5378 | D:5      | Entered Level 5 of the Dungeon
  5462 | D:5      | Found a staircase to the Ecumenical Temple.
  5499 | Temple   | Entered the Ecumenical Temple
  5642 | Temple   | Became a worshipper of Vehumet
  5703 | D:5      | HP: 1/37 [centaur/arrow (6)]
  5708 | D:5      | Slain by an adder

Vault maps used:
D:1:      elethiomel_arrival_maze
D:2:      lemuel_coloured_pillars_altar, lemuel_round_altar,
          makhleb_blood_cavern_becter, first_ration
D:3:      uniq_terence
D:4:      marbit_many_paths, evilmike_ruin_ashenzari, enter_ossuary_3
D:5:      lemuel_crystal_altar, temple_pool_b, uniq_eustachio
Temple:   minmay_temple_curvy_branch
Ossuary:  minmay_ossuary_two_tombs

Skill      XL: |  1  2  3  4  5  6  7 |
---------------+----------------------+-----
Fire Magic     | 4 5 |  5.5
Spellcasting   | 4 5 6 |  6.6
Conjurations   | 2 3 4 |  4.3
Stealth        | 3 |  3.4
Dodging        | 3 |  3.6
Armour         | 1 |  1.4
Fighting       | |  0.3

Action                   |  1- 3 |  4- 6 |  7- 9 || total
-------------------------+-------+-------+-------++-------
Melee: Unarmed           |     4 |       |       ||     4
       Dagger            |       |     1 |     1 ||     2
 Cast: Flame Tongue      |    63 |   198 |    25 ||   286
       Throw Flame       |       |     5 |       ||     5
       Conjure Flame     |       |     1 |       ||     1
       Sticky Flame      |       |       |     1 ||     1
  Use: Scroll            |       |     1 |     1 ||     2
  Eat: Chunk             |     1 |     7 |     2 ||    10
       Ration            |       |     1 |       ||     1
Armor: Robe              |     7 |     7 |     3 ||    17
Dodge: Dodged            |    36 |    49 |     7 ||    92

Table legend:
 A = Non-vault XP
 B = Vault XP
 C = Vault XP percentage of total XP
 D = Non-vault monster count
 E = Vault monster count
 F = Vault count percentage of total count
                 A         B        C        D         E       F
            +---------+---------+-------+---------+---------+-------
      Total |     702 |     334 |  32.2 |     101 |      42 |  29.4
            +---------+---------+-------+---------+---------+-------
        D:1 |      53 |       0 |   0.0 |      32 |       0 |   0.0
        D:2 |     188 |      43 |  18.6 |      24 |       1 |   4.0
        D:3 |     108 |      36 |  25.0 |      27 |       1 |   3.6
        D:4 |     210 |      15 |   6.7 |      15 |       2 |  11.8
        D:5 |     143 |       0 |   0.0 |       3 |       0 |   0.0
    Ossuary |       0 |     240 | 100.0 |       0 |      38 | 100.0
            +---------+---------+-------+---------+---------+-------
